 Dungeon Crawl Stone Soup version 0.30.1-9-gdf580d7c3d (webtiles) character file.

Game seed: 12463785716213653148

609 Ekaitz the Gusty (level 7, -3/40 HPs)
             Began as a Tengu Air Elementalist on Oct 11, 2023.
             Slain by an ogre
             ... wielding a +0 giant club
              (22 damage)
             ... on level 4 of the Dungeon.
             The game lasted 00:07:27 (3948 turns).

Ekaitz the Gusty (Tengu Air Elementalist)           Turns: 3948, Time: 00:07:27

Health: -3/40      AC:  3    Str:  9    XL:     7   Next: 43%
Magic:  5/12       EV: 15    Int: 17    God:
Gold:   261        SH:  0    Dex: 14    Spells: 2/12 levels left

rFire   . . .        i - +0 dagger (elec)
rCold   . . .        t - orb {mayhem}
rNeg    . . .        a - +0 robe
rPois   .            (helmet restricted)
rElec   .            x - +0 cloak
rCorr   .            (no gloves)
SInv    .            (boots unavailable)
Will    .....        (no amulet)
Stlth   ++           (no ring)
HPRegen 0.26/turn    (no ring)
MPRegen 0.13/turn

%: mayhem
@: flying quickly and evasively, quick
A: beak, talons 3, nimble flight
a: no special abilities


You were on level 4 of the Dungeon.
You visited 1 branch of the dungeon, and saw 4 of its levels.

You collected 261 gold pieces.

Inventory:

Hand Weapons
 i - a +0 dagger of electrocution (weapon)
 o - a +0 dagger of protection
 A - a +2 hand axe of flaming
Armour
 a - a +0 robe (worn)
 t - an orb of mayhem (worn)
 x - a +0 cloak (worn)
Jewellery
 n - a ring of fire
Wands
 v - a wand of paralysis (12)
 w - a wand of polymorph (8)
Scrolls
 e - 2 scrolls of teleportation {unknown}
 f - 7 scrolls of identify {unknown}
 j - 2 scrolls of fear {unknown}
 k - a scroll of enchant armour {unknown}
 q - a scroll of magic mapping {unknown}
 s - a scroll of immolation {unknown}
 y - a scroll of silence {unknown}
 z - a scroll of fog {unknown}
 B - a scroll of acquirement {unknown}
Potions
 b - a potion of magic
 c - a potion of haste {unknown}
 d - a potion of attraction {unknown}
 g - 2 potions of flight {unknown}
 h - 2 potions of brilliance {unknown}
 l - a potion of ambrosia {unknown}
 m - 3 potions of berserk rage {unknown}
 p - 4 potions of might {unknown}
 r - 2 potions of curing {unknown}
 u - a potion of heal wounds {unknown}


   Skills:
 * Level 2.2 Fighting
 + Level 1.5 Short Blades
 * Level 3.5 Dodging
 + Level 2.5 Stealth
 + Level 0.2 Unarmed Combat
 + Level 3.2 Spellcasting
 * Level 5.1 Conjurations
 * Level 6.8 Air Magic


You had 2 spell levels left.
You knew the following spells:

 Your Spells              Type           Power      Damage    Failure   Level
a - Shock                 Conj/Air       92%        1d8       1%          1
b - Static Discharge      Conj/Air       46%        2-4/arc   2%          2
c - Swiftness             Air            26%        N/A       3%          3
d - Airstrike             Air            13%        2d(2-18)  10%         4

Your spell library contained the following spells:

 Spells                   Type           Power      Damage    Failure   Level
 Magic Dart               Conj           80%        1d7       1%          1
 Call Imp                 Summ           4%         N/A       26%         2
 Mephitic Cloud           Conj/Pois/Air  16%        N/A       10%         3


Dungeon Overview and Level Annotations

Branches:
Dungeon (4/15)
 Temple: D:4-7

Altars:
Xom

Shops:
D:3 =


Innate Abilities, Weirdness & Mutations

You have a beak for a mouth.
You have claws for feet.
Your magical nature lets you fly swiftly and evasively.


Message History

The endoplasm quivers.
The zap hits the endoplasm.
The endoplasm is almost dead.
The zap hits the endoplasm.
You kill the endoplasm!
You can't see any susceptible monsters within range! (Use Z to cast anyway.)
An adder comes into view.
The adder hisses angrily.
An adder is nearby!
You miscast Shock.
You are very lightly contaminated with residual magic.
Nothing appears to happen.
An ogre comes into view. It is wielding a +0 giant club.
The zap hits the adder!
The adder is heavily wounded.
The zap hits the adder.
The adder is almost dead.
The zap hits the adder.
You kill the adder!
The ogre flies into a frenzy!
The zap hits the ogre.
The ogre is lightly wounded.
The ogre shouts!
The zap hits the ogre.
The ogre is moderately wounded.
You completely miss the ogre. Your kick misses the ogre.
The ogre is moderately wounded.
The ogre hits you with a +0 giant club!
Your magical contamination has completely faded away.
Casting: Shock (safe; 1% risk of failure)
Confirm with . or Enter, or press ? or * to list all spells.
The ogre is struck by an arc of lightning.
The ogre is moderately wounded.
You are struck by an arc of lightning.
The ogre is struck by an arc of lightning.
The ogre is heavily wounded.
You are struck by an arc of lightning.
The lightning grounds out.
The ogre hits you with a +0 giant club!!
Ouch! That really hurt!
You die...

#.......###..##.. #..
#######..###..... .##..
##.###.#... #....#######
#..........
...........####.....##..
...........##..........#
.....†/....###.#...#.#.#
...........##..#.#.#....
......O@...###.......##.
...........#.....#....
.."........##....#....#
...........#.....#.....
.#########.###.......#
#..#..#.#.#..
##..#.#...# ##.........
#.##.....##


You could see a neutral ogre (fast, strong, insane).

Vanquished Creatures
  An ogre (D:4)
  A bullfrog (D:4)
  A scorpion (D:4)
  A hound (D:4)
  An orc priest (D:3)
  A gnoll bouda (D:4)
  Crazy Yiuf (D:3)
  An iguana (D:4)
  An orc wizard (D:3)
  Ijyb (D:3)
  Robin (D:2)
  2 adders
  8 gnolls
  A worm (D:3)
  5 dart slugs
  3 orcs (D:3)
  5 endoplasms
  2 giant cockroaches
  14 goblins
  13 hobgoblins
  5 jackals (D:3)
  A quokka (D:4)
  8 ball pythons
  6 bats
  4 frilled lizards
  2 kobolds
  2 rats
92 creatures vanquished.

Notes
Turn   | Place    | Note
-------+----------+-------------------------------------------
     0 | D:1      | Ekaitz the Tengu Air Elementalist began the quest for the
                  | Orb.
     0 | D:1      | Reached XP level 1. HP: 10/10 MP: 4/4
   437 | D:1      | Reached XP level 2. HP: 15/15 MP: 3/6
   440 | D:1      | Learned a level 2 spell: Static Discharge
   939 | D:1      | Found a faded altar of an unknown god.
  1029 | D:2      | Reached skill level 5 in Air Magic
  1106 | D:2      | Reached XP level 3. HP: 19/19 MP: 0/7
  1110 | D:2      | Learned a level 3 spell: Swiftness
  1397 | D:2      | Found a shimmering altar of Xom.
  1774 | D:2      | Reached XP level 4. HP: 24/24 MP: 6/8
  2060 | D:2      | Noticed Robin
  2069 | D:2      | Killed Robin
  2157 | D:3      | Gained mutation: Your magical nature lets you fly swiftly
                  | and evasively. [Tengu growth]
  2157 | D:3      | Reached XP level 5. HP: 28/28 MP: 6/9
  2269 | D:3      | Found Reumaa's Jewellery Shop.
  2339 | D:3      | Reached skill level 1 in Fighting
  2727 | D:3      | Reached skill level 6 in Air Magic
  2978 | D:3      | Noticed Ijyb
  2985 | D:3      | Killed Ijyb
  2986 | D:3      | Reached XP level 6. HP: 16/34 MP: 2/10
  3112 | D:3      | Found a runed translucent door.
  3113 | D:3      | Noticed Crazy Yiuf
  3123 | D:3      | Killed Crazy Yiuf
  3148 | D:3      | Learned a level 4 spell: Airstrike
  3565 | D:4      | Reached XP level 7. HP: 36/40 MP: 2/12
  3745 | D:4      | Reached skill level 1 in Short Blades
  3810 | D:4      | Reached skill level 5 in Conjurations
  3948 | D:4      | Slain by an ogre

Illustrated notes

Levels and vault maps discovered:
D:1:      minmay_arrival_semitransparent, layout_loops_cross,
          dilly_ecumenical_altar_fadedgnrine, minmay_hexomino_f4
D:2:      layout_loops_cross, basic_altar, uniq_robin
D:3:      layout_rooms, serial_shops, nicolae_shop_gaudy_bauble,
          grunt_decor_resistance, uniq_ijyb, uniq_crazy_yiuf_cottage
D:4:      nicolae_cairo_tiling_large_dashed, layout_basic,
          minmay_temple_entry_ruins, minmay_distorted

Skill      XL: |  1  2  3  4  5  6  7 |
---------------+----------------------+-----
Air Magic      | 5 6 |  6.8
Conjurations   | 2 3 4 5 |  5.1
Fighting       | 1 2 |  2.2
Dodging        | 3 |  3.5
Spellcasting   | 3 |  3.2
Short Blades   | 1 |  1.5
Stealth        | |  2.5
Unarmed Combat | |  0.2

Action                     |  1- 3 |  4- 6 |  7- 9 || total
---------------------------+-------+-------+-------++-------
  Melee: Short sword       |     1 |       |       ||     1
         Dagger            |     7 |    15 |     5 ||    27
         Kick              |     1 |     3 |     2 ||     6
         Peck              |       |     2 |       ||     2
         Unarmed           |       |     3 |       ||     3
   Cast: Shock             |    63 |    93 |    23 ||   179
         Static Discharge  |     1 |     7 |     1 ||     9
         Airstrike         |       |       |     1 ||     1
   Stab: Sleeping          |       |     2 |       ||     2
 Armour: Robe              |     5 |     1 |       ||     6
  Dodge: Dodged            |     9 |    17 |    12 ||    38
